 Dungeon Crawl Stone Soup version 0.29-a0-364-g921d912d32 (webtiles) character file.

Game seed: 3231508910224231035

117644 Essalna the Fighter (level 16, -3/132 (147) HPs)
             Began as a Demonspawn Conjurer on Apr 29, 2022.
             Was a High Priest of Vehumet.
             Shot with a sling bullet by a satyr (12 damage)
             ... on level 4 of the Shoals on Apr 30, 2022.
             The game lasted 01:23:14 (35227 turns).

Essalna the Fighter (Demonspawn Conjurer)          Turns: 35227, Time: 01:23:15

HP:   -3/132 (147)  AC: 20    Str:  8    XL:     16   Next: 23%
MP:   5/33          EV: 12    Int: 26    God:    Vehumet [*****.]
Gold: 2746          SH:  5    Dex: 13    Spells: 16/41 levels left

rFire   + + +      SeeInvis .   I - staff of fire
rCold   x . .      Faith    .   T - +0 buckler {rF+}
rNeg    . . .      Spirit   .   V - +1 troll leather armour
rPois   .          Reflect  .   m - +2 hat {Will+}
rElec   .          Harm     .   (no cloak)
rCorr   .          Rampage  .   W - +0 pair of gloves
Will    ++...                   (no boots)
Stlth   +.........              S - amulet of Vitality {Regen+ HP+15}
HPRegen 1.92/turn               Q - ring of wizardry
MPRegen 0.23/turn               b - ring of fire

@: afraid, sanguine armoured, heavily drained, invisible, very slow
A: powered by death 1, spiny 2, sanguine armour 3, demonic touch 2
a: Renounce Religion


You were on level 4 of the Shoals.
You worshipped Vehumet.
Vehumet was extremely pleased with you.
You visited 5 branches of the dungeon, and saw 24 of its levels.

You collected 2746 gold pieces.

Inventory:

Hand Weapons
 B - a +3 vorpal demon trident
Missiles
 k - a throwing net
Armour
 a - the +0 mask of the Dragon {Will+ Slay+3 SInv}
   (You found it on level 5 of the Lair of Beasts)

   Slay:      It affects your accuracy & damage with ranged weapons and melee
   (+3).
   SInv:      It lets you see invisible.
   Will:      It increases your willpower.
 m - a +2 hat of willpower (worn)
 T - a +0 buckler of fire resistance (worn)
 V - a +1 troll leather armour (worn)
 W - a +0 pair of gloves (worn)
 Y - a +0 robe of resistance
Magical Staves
 I - a staff of fire (weapon)
 K - a staff of death
 X - a staff of air
Jewellery
 b - a ring of fire (right hand)
 E - a +4 ring of protection
 H - a +6 ring of dexterity
 Q - a ring of wizardry (left hand)
 R - an amulet of faith
 S - the amulet of Vitality (around neck) {Regen+ HP+15}
   (You took it off a vampire on level 9 of the Dungeon)

   [amulet of regeneration]

   HP:        It affects your health (+15).
   Regen:     It increases your rate of health regeneration.
Wands
 c - a wand of flame (12)
 w - a wand of charming (4)
 y - a wand of digging (4)
 F - a wand of iceblast (7)
 U - a wand of mindburst (2)
Scrolls
 e - 8 scrolls of teleportation
 g - 2 scrolls of enchant armour
 n - 5 scrolls of fear
 o - 4 scrolls of vulnerability
 p - 2 scrolls of brand weapon
 q - 7 scrolls of identify
 r - a scroll of holy word
 s - 3 scrolls of fog
 t - a scroll of enchant weapon
 u - 4 scrolls of amnesia
 A - 7 scrolls of magic mapping
 D - 2 scrolls of silence
 G - a scroll of summoning
 M - 3 scrolls of torment
 O - 4 scrolls of blinking
Potions
 d - a potion of resistance
 f - 10 potions of curing
 h - 4 potions of haste
 i - 7 potions of flight
 l - 4 potions of lignification
 v - 2 potions of brilliance
 x - 2 potions of attraction
 z - 2 potions of invisibility
 C - a potion of berserk rage {unknown}
 J - 5 potions of mutation
 L - 2 potions of magic
 N - 3 potions of might
 P - 3 potions of ambrosia
 Z - 2 potions of cancellation


   Skills:
 + Level 13.9 Fighting
 - Level 4.0 Armour
 - Level 4.0 Dodging
 - Level 1.7 Stealth
 - Level 4.0 Shields
 + Level 13.1 Spellcasting
 - Level 12.0 Conjurations
 - Level 10.0 Translocations
 + Level 7.9 Fire Magic
 + Level 11.3 Ice Magic


You had 16 spell levels left.
You knew the following spells:

 Your Spells              Type           Power      Damage    Failure   Level
a - Magic Dart            Conj           100%       1d8       1%          1
b - Searing Ray           Conj           100%       2d8       1%          2
c - Iskenderun's Mystic   Conj/Tloc      65%        2d13      1%          4
d - Ozocubu's Refrigerat  Ice            33%        4d11      6%          7
e - Starburst             Conj/Fire      50%        6d14      1%          6
f - Fireball              Conj/Fire      50%        3d20      1%          5

Your spell library contained the following spells:

 Spells                   Type           Power      Damage    Failure   Level
 Irradiate                Conj/Tmut      24%        3d21      1%          5
 Foxfire                  Conj/Fire      100%       2x1d9     1%          1
 Sandblast                Erth           34%        2d9       1%          1
 Ensorcelled Hibernation  Hex/Ice        92%        N/A       1%          2
 Poisonous Vapours        Pois/Air       34%        N/A       1%          2
 Static Discharge         Conj/Air       48%        N/A       1%          2
 Conjure Flame            Conj/Fire      100%       6-21      1%          3
 Dazzling Flash           Conj/Hex       96%        N/A       1%          3
 Frozen Ramparts          Ice            100%       1d12      1%          3
 Gell's Gravitas          Tloc           62%        N/A       1%          3
 Inner Flame              Hex/Fire       71%        N/A       1%          3
 Ozocubu's Armour         Ice            66%        N/A       1%          3
 Stone Arrow              Conj/Erth      96%        3d13      1%          3
 Teleport Other           Tloc           62%        N/A       1%          3
 Flame Wave               Conj/Fire      100%       2d17      1%          4
 Fulminant Prism          Conj/Hex       24%        3d13      1%          4
 Lightning Bolt           Conj/Air       24%        1d39      1%          5
 Summon Small Mammal      Summ           68%        N/A       2%          1
 Ice Form                 Ice/Tmut       46%        N/A       2%          4
 Summon Ice Beast         Ice/Summ       46%        N/A       2%          4
 Corpse Rot               Necr/Air       34%        N/A       4%          2
 Passwall                 Tmut/Erth      14%        N/A       4%          2
 Dispersal                Tloc           31%        N/A       6%          6
 Call Canine Familiar     Summ           17%        N/A       8%          3
 Spider Form              Tmut/Pois      17%        N/A       8%          3
 Summon Guardian Golem    Hex/Summ       17%        N/A       8%          3
 Anguish                  Hex/Necr       8%         N/A       24%         4
 Alistair's Intoxication  Tmut/Pois      11%        N/A       52%         5
 Borgnjor's Vile Clutch   Necr/Erth      8%         N/A       52%         5
 Eringya's Noxious Bog    Tmut/Pois      8%         N/A       61%         6
 Maxwell's Capacitive Co  Air            8%         ∞         100%        8


Dungeon Overview and Level Annotations

Branches:
Dungeon (11/15)            Temple (1/1) D:6            Lair (6/6) D:11
 Shoals (4/4) Lair:4       Spider (0/4) Lair:4        Slime (0/5) Lair:5
    Orc (2/2) D:10            Elf (0/3) Orc:2

Altars:
Ashenzari
Cheibriados
Dithmenos
Elyvilon
Fedhas
Gozag
Hepliaklqana
Kikubaaqudgha
Makhleb
Nemelex Xobeh
Okawaru
Qazlal
Ru
Sif Muna
Trog
Uskayaw
Vehumet
Wu Jian
Xom
Yredelemnul
Zin
The Shining One
Beogh
Jiyva

Shops:
D:3 :   D:6 :=   Orc:2 *[?(

Annotations:
D:10 exclusion: ice statue


Innate Abilities, Weirdness & Mutations

You regenerate a little health from kills.
You are mostly covered in sharp spines.
When seriously injured, your blood forms very thick armour. (AC +12)
Your touch may inflict irresistible damage on your foes.


Message History

The merfolk aquamancer is severely wounded.
The merfolk aquamancer completely misses you.
The satyr hits you from afar with a +0 spear!
You enter the shallow water.
Moving in this stuff is going to be slow.
The merfolk aquamancer points at you and mumbles some strange words.
The ball of steam hits you. You resist.
The merfolk aquamancer gestures at you while chanting.
The shard of ice misses you.
The satyr unwields a +0 spear.
The satyr wields a +0 fustibalus.
The satyr shoots a sling bullet.
The sling bullet hits you.
Things that are here:
a +0 trident; a merfolk corpse The satyr shoots a sling bullet.
You block the sling bullet.
The satyr shoots a sling bullet.
The sling bullet hits you!
The merfolk aquamancer points at you and mumbles some strange words.
The torrent of water hits you!!!
* * * LOW HITPOINT WARNING * * *
You are knocked back by the torrent of water.
The wave splashes down.
Splash!
You fall into the shallow water.
Moving in this stuff is going to be slow.
The satyr plays a frightful melody on his pipes!
The satyr radiates an aura of fear!
You are terrified of the satyr!
You hear a shout! x3
You cannot move closer to the satyr!
You cannot move closer to the satyr!
You cannot move closer to the satyr!
You cannot move closer to the satyr!
You cannot move closer to the satyr!
You feel much better.
The merfolk aquamancer gestures at you while chanting.
The shard of ice misses you.
The satyr shoots a sling bullet.
The sling bullet hits you!!
* * * LOW HITPOINT WARNING * * *
You fade into invisibility!
The satyr shoots a sling bullet.
The sling bullet hits you!
You die...

#..#
#..#########
#c..≈≈≈..≈≈##
#≈.≈.≈#≈#.≈.#
#≈≈≈≈≈≈≈..≈≈#
#≈#)#≈#.#.#.#
#.≈.≈m..≈≈.≈#
#.#≈#≈<.#≈#≈#
#≈≈.≈@≈≈≈.≈.#
#≈.≈#≈#≈#≈#.#
#..≈≈.≈.≈≈.≈#
#≈#≈....#≈#≈..
#..≈≈≈≈.≈≈≈≈..
###############


You could see a satyr (scary) and a merfolk aquamancer.

Vanquished Creatures
  Saint Roka (Orc:2)
  Jorgrun (Orc:1)
  2 krakens
  Gastronok (Lair:2)
  Ilsuiw (Shoals:2)
  2 azure jellies (Lair:5)
  Azrael (Orc:2)
  Snorg (Lair:4)
  A merfolk javelineer (Shoals:2)
  A merfolk impaler (Shoals:2)
  2 hydras
  A boulder beetle (D:11)
  4 catoblepae
  An alligator snapping turtle (Shoals:3)
  A centaur warrior (Shoals:2)
  A two-headed ogre (Orc:1)
  5 merfolk avatars
  A deep troll shaman (Lair:6)
  An alligator (Lair:6)
  3 orc high priests (Orc:2)
  A merfolk aquamancer (Shoals:1)
  9 death yaks
  2 fire crabs (Shoals:3)
  6 sea snakes
  An orb spider (Lair:4)
  8 harpies
  A deep troll (D:9)
  A lindwurm (Lair:6)
  An ugly thing (D:9)
  A necromancer (Lair:2)
  6 orc knights
  9 orc sorcerers
  7 manticores
  6 fauns
  5 cyclopes
  4 water nymphs
  8 black mambas
  10 merfolk sirens
  8 elephants (Lair:6)
  2 torpor snails (Lair:5)
  24 cane toads
  A gargoyle (D:11)
  15 komodo dragons
  A tengu conjurer (D:9)
  8 rime drakes
  7 wind drakes
  3 polar bears
  3 trolls
  13 merfolk
  4 hornets
  Grinder (D:5)
  17 dream sheep
  15 blink frogs
  Prince Ribbit (D:7)
  2 air elementals (Shoals:4)
  7 snapping turtles
  3 vampires
  3 wraiths
  Eustachio (D:5)
  A shadow (D:10)
  A fire bat (Shoals:3)
  12 water elementals
  73 yaks
  4 fire elementals (Orc:2)
  5 wyverns
  8 steam dragons
  4 basilisks
  3 wargs
  6 vampire mosquitoes (D:11)
  An acid dragon (D:9)
  3 hell hounds
  Duvessa (D:7)
  17 orc warriors
  3 ice beasts (D:7)
  13 water moccasins
  2 black bears
  4 centaurs (D:9)
  3 ogres
  30 wolves
  A phantom (D:6)
  3 kobold brigands
  13 bullfrogs
  2 gnoll sergeants (D:9)
  4 scorpions
  A necrophage (D:6)
  6 wights
  Dowan (D:7)
  A howler monkey (D:9)
  An electric eel (Lair:3)
  A jelly (D:7)
  4 quasits (D:8)
  4 hounds
  15 orc priests
  2 iguanas
  Natasha (thrice) (D:3)
  22 orc wizards
  3 hell rats (Lair:5)
  5 yak simulacra (Lair:2)
  3 polar bear simulacra (Lair:2)
  4 hound zombies (D:4)
  4 gnolls (Orc:1)
  7 adders
  5 river rats (Lair:5)
  A shadow imp (D:8)
  7 ufetubi
  An adder zombie (D:4)
  4 worms
  A dart slug (D:4)
  54 orcs
  4 bat zombies (D:4)
  4 endoplasms
  5 giant cockroaches
  5 goblins
  6 hobgoblins
  2 jackals (D:4)
  4 quokkas
  6 ball pythons
  5 bats
  4 frilled lizards
  22 kobolds
  13 rats
  A rat zombie (D:4)
  3 river rat simulacra (Lair:2)
  3 plants (Shoals:3)
  3 tentacles (Shoals:1)
724 creatures vanquished.

Vanquished Creatures (others)
  A komodo dragon (D:11)
  An orc wizard (Orc:2)
  36 fungi
  179 plants
  13 tentacles
230 creatures vanquished.

Grand Total: 954 creatures vanquished

Notes
Turn   | Place    | Note
-------+----------+-------------------------------------------
     0 | D:1      | Essalna the Demonspawn Conjurer began the quest for the
                  | Orb.
     0 | D:1      | Reached XP level 1. HP: 13/13 MP: 3/3
   480 | D:1      | Gained mutation: You regenerate a little health from kills.
                  | [demonic ancestry]
   480 | D:1      | Reached XP level 2. HP: 13/19 MP: 0/5
   798 | D:1      | Learned a level 2 spell: Searing Ray
  1844 | D:2      | Reached XP level 3. HP: 25/25 MP: 4/7
  2394 | D:2      | Reached skill level 1 in Fighting
  2855 | D:3      | Noticed Natasha
  2858 | D:3      | Killed Natasha
  2859 | D:3      | Reached skill level 1 in Shields
  2859 | D:3      | Reached XP level 4. HP: 32/32 MP: 3/8
  2935 | D:3      | Found Nianor's Book Shoppe.
  2946 | D:3      | Learned a level 4 spell: Iskenderun's Mystic Blast
  3085 | D:3      | Gained mutation: When seriously injured, your blood forms
                  | armour. (AC +12) [demonic ancestry]
  3085 | D:3      | Reached XP level 5. HP: 34/38 MP: 2/9
  3307 | D:3      | Noticed Natasha
  3311 | D:3      | Killed Natasha
  3450 | D:3      | Noticed a water moccasin
  3450 | D:3      | You fall into a shaft and drop 2 floors!
  3450 | D:5      | Entered Level 5 of the Dungeon
  3574 | D:4      | Reached skill level 1 in Translocations
  3720 | D:3      | Noticed Natasha
  3724 | D:3      | Killed Natasha
  3725 | D:3      | Reached skill level 5 in Conjurations
  3732 | D:3      | Killed a water moccasin
  3733 | D:3      | Gained mutation: You are partially covered in sharp spines.
                  | [demonic ancestry]
  3733 | D:3      | Reached XP level 6. HP: 30/46 MP: 8/11
  3884 | D:3      | Found a faded altar of an unknown god.
  4749 | D:4      | Found a basalt altar of Yredelemnul.
  5318 | D:4      | Reached XP level 7. HP: 30/51 MP: 4/12
  5677 | D:4      | Found an ancient bone altar of Kikubaaqudgha.
  5763 | D:5      | Noticed Eustachio
  5774 | D:5      | Killed Eustachio
  6121 | D:5      | Noticed Grinder
  6130 | D:5      | Paralysed by Grinder for 3 turns
  6149 | D:5      | Paralysed by Grinder for 3 turns
  6157 | D:5      | Killed Grinder
  6424 | D:5      | Reached XP level 8. HP: 57/60 MP: 10/14
  6928 | D:6      | Found Ytwuent's Book Boutique.
  6949 | D:6      | Found Amath's Jewellery Shop.
  6990 | D:6      | Noticed an angel
  7078 | D:6      | Reached skill level 5 in Spellcasting
  7103 | D:6      | Found a staircase to the Ecumenical Temple.
  7112 | Temple   | Entered the Ecumenical Temple
  7405 | D:6      | Reached skill level 5 in Fighting
  7410 | D:6      | Gained mutation: You are mostly covered in sharp spines.
                  | [demonic ancestry]
  7410 | D:6      | Reached XP level 9. HP: 37/68 MP: 1/17
  7976 | D:7      | Noticed Prince Ribbit
  7981 | D:7      | Killed Prince Ribbit
  8070 | D:7      | Found an opulent altar of Gozag.
  8088 | D:7      | Reached skill level 5 in Translocations
  8279 | D:7      | Found a radiant altar of Vehumet.
  8287 | D:7      | Became a worshipper of Vehumet
  8699 | D:7      | Noticed Duvessa
  8700 | D:7      | Noticed Dowan
  8709 | D:7      | Killed Dowan
  8714 | D:7      | Killed Duvessa
  8904 | D:8      | Found a hazy altar of Hepliaklqana.
  9377 | D:8      | Found a bloodstained altar of Trog.
  9875 | D:8      | Learned a level 7 spell: Ozocubu's Refrigeration
  9922 | D:8      | Found a shimmering blue altar of Sif Muna.
 10011 | D:8      | Reached XP level 10. HP: 76/77 MP: 7/20
 10155 | D:9      | Reached * piety under Vehumet
 10155 | D:9      | Offered knowledge of Freeze by Vehumet.
 10163 | D:9      | Reached skill level 1 in Ice Magic
 10282 | D:9      | Found a snail-covered altar of Cheibriados.
 10307 | D:9      | Paralysed by a centaur for 7 turns
 10738 | D:9      | Found a broken altar of Ashenzari.
 10758 | D:9      | Noticed a deep troll
 10770 | D:9      | Killed a deep troll
 10921 | D:9      | Noticed an eight-headed hydra
 10931 | D:9      | Killed an eight-headed hydra
 11141 | D:9      | HP: 1/80 [vampire (9)]
 12064 | D:9      | Gained mutation: Your touch may inflict minor irresistible
                  | damage on your foes. [demonic ancestry]
 12064 | D:9      | Reached XP level 11. HP: 86/86 MP: 6/22
 12299 | D:9      | Noticed a brown ugly thing
 12418 | D:9      | Identified the +1 robe of Unreason {rPois Str+6}
 12619 | D:9      | Killed a brown ugly thing
 12735 | D:9      | Identified the +12 hand axe of Premature Burial {vorpal,
                  | *Rage Will- Int+5 Dex+8}
 12838 | D:10     | Entered Level 10 of the Dungeon
 12900 | D:10     | Reached skill level 1 in Armour
 13026 | D:10     | Found a staircase to the Orcish Mines.
 13195 | D:10     | Reached ** piety under Vehumet
 13201 | D:10     | Offered knowledge of Poisonous Vapours by Vehumet.
 13263 | D:10     | Found a hide-covered altar of Uskayaw.
 13263 | D:10     | Noticed a +0 dagger
 13263 | D:10     | Noticed a +0 dagger
 14392 | D:10     | Found a shadowy altar of Dithmenos.
 14518 | Orc:1    | Entered Level 1 of the Orcish Mines
 14591 | Orc:1    | Noticed an orc knight
 14608 | Orc:1    | Offered knowledge of Static Discharge by Vehumet.
 14620 | Orc:1    | Killed an orc knight
 14622 | Orc:1    | Noticed a two-headed ogre
 14885 | Orc:1    | Killed a two-headed ogre
 15200 | Orc:2    | Entered Level 2 of the Orcish Mines
 15227 | Orc:2    | Reached *** piety under Vehumet
 15240 | Orc:2    | Noticed an orc sorcerer
 15262 | Orc:2    | Paralysed by an orc sorcerer for 6 turns
 15274 | Orc:1    | Killed an orc sorcerer
 15491 | Orc:2    | Noticed an orc sorcerer
 15492 | Orc:2    | Noticed an orc knight
 15493 | Orc:2    | Noticed an orc sorcerer
 15546 | Orc:2    | Noticed a soul eater
 15548 | Orc:2    | Offered knowledge of Mephitic Cloud by Vehumet.
 15691 | Orc:2    | Killed an orc knight
 15692 | Orc:2    | Reached skill level 5 in Ice Magic
 15692 | Orc:2    | Reached XP level 12. HP: 94/94 MP: 5/24
 15909 | Orc:2    | Found Nosepnua's Antique Weapon Shop.
 15914 | Orc:2    | Reached skill level 10 in Conjurations
 15928 | Orc:2    | Noticed an orc high priest
 16466 | D:11     | Found a staircase to the Lair.
 16654 | D:11     | Upgraded the game from 0.29-a0-362-g5854e031c7 to
                  | 0.29-a0-364-g921d912d32
 16944 | D:11     | Noticed a boulder beetle
 17017 | D:11     | Killed a boulder beetle
 17469 | Lair:1   | Entered Level 1 of the Lair of Beasts
 17982 | Lair:1   | You fall into a shaft and drop 1 floor!
 18036 | Lair:1   | Noticed a six-headed hydra
 18044 | Lair:1   | Reached **** piety under Vehumet
 18045 | Lair:1   | Offered knowledge of Hailstorm by Vehumet.
 18116 | Lair:2   | Noticed Gastronok
 18151 | Lair:2   | Killed Gastronok
 18576 | Lair:1   | Killed a six-headed hydra
 19332 | Lair:2   | Reached XP level 13. HP: 103/103 MP: 20/26
 19555 | Lair:2   | Reached skill level 10 in Fighting
 19789 | Lair:2   | Reached ***** piety under Vehumet
 20127 | Lair:2   | Offered knowledge of Yara's Violent Unravelling by Vehumet.
 21151 | Lair:4   | Found a staircase to the Shoals.
 21164 | Lair:4   | Reached skill level 10 in Spellcasting
 21322 | Lair:4   | Noticed Snorg
 21348 | Lair:4   | Killed Snorg
 22163 | Lair:4   | Found a hole to the Spider Nest.
 22670 | Lair:5   | Found the +0 mask of the Dragon {Will+ Slay+3 SInv}
 22681 | Lair:5   | Identified the +7 great sword of Veaxke {vorpal, *Slow
                  | +Blink Int+4}
 23106 | Lair:5   | Reached skill level 10 in Translocations
 23182 | Lair:5   | Gained mutation: When seriously injured, your blood forms
                  | thick armour. (AC +12) [demonic ancestry]
 23182 | Lair:5   | Reached XP level 14. HP: 113/113 MP: 13/28
 23269 | Lair:5   | Offered knowledge of Starburst by Vehumet.
 23660 | Lair:5   | Learned a level 6 spell: Starburst
 23812 | Lair:5   | Reached skill level 1 in Fire Magic
 23926 | Lair:5   | Found a runed translucent door.
 23926 | Lair:5   | Found a viscous altar of Jiyva.
 23927 | Lair:5   | Found a staircase to the Slime Pits.
 23927 | Lair:5   | Noticed an azure jelly
 23927 | Lair:5   | Noticed an azure jelly
 23937 | Lair:5   | Killed an azure jelly
 23937 | Lair:5   | Killed an azure jelly
 24434 | Lair:6   | Entered Level 6 of the Lair of Beasts
 24816 | Lair:6   | Offered knowledge of Fireball by Vehumet.
 24830 | Lair:6   | Learned a level 5 spell: Fireball
 27001 | Orc:2    | Found a staircase to the Elven Halls.
 27378 | Orc:2    | Noticed Azrael
 27379 | Orc:2    | Noticed Saint Roka
 27571 | Orc:2    | Gained mutation: When seriously injured, your blood forms
                  | very thick armour. (AC +12) [demonic ancestry]
 27571 | Orc:2    | Reached XP level 15. HP: 122/122 MP: 6/30
 27746 | Orc:2    | Reached skill level 5 in Fire Magic
 28841 | Orc:2    | Killed Saint Roka
 28967 | Orc:2    | Killed Azrael
 29528 | Orc:2    | Found Mailiapi's Armour Shoppe.
 29535 | Orc:2    | Found Zatapniz's Assorted Antiques.
 29537 | Orc:2    | Found Turav's Magic Scroll Shop.
 29665 | Orc:1    | Noticed Jorgrun
 29669 | Orc:1    | Reached skill level 10 in Ice Magic
 29675 | Orc:1    | Killed Jorgrun
 30084 | Shoals:1 | Entered Level 1 of the Shoals
 30248 | Shoals:1 | Noticed a kraken
 30264 | Shoals:1 | Killed a kraken
 30927 | Shoals:1 | Identified the +7 spear of Lutuumekh {speed, rF- rN++
                  | Str+5}
 31528 | Shoals:2 | Offered knowledge of Irradiate by Vehumet.
 31531 | Shoals:2 | Reached ****** piety under Vehumet
 31532 | Shoals:2 | Noticed Ilsuiw
 31536 | Shoals:2 | Killed Ilsuiw
 32756 | Shoals:2 | Noticed a kraken
 32761 | Shoals:2 | Killed a kraken
 33664 | Shoals:3 | Gained mutation: Your touch may inflict irresistible damage
                  | on your foes. [demonic ancestry]
 33664 | Shoals:3 | Reached XP level 16. HP: 131/131 MP: 9/32
 35003 | Shoals:4 | Entered Level 4 of the Shoals
 35197 | Shoals:4 | Paralysed by an air elemental for 1 turns
 35225 | Shoals:4 | HP: 4/132 [merfolk aquamancer/torrent of water (36)]
 35227 | Shoals:4 | Shot with a sling bullet by a satyr

Illustrated notes

Levels and vault maps discovered:
D:1:      tarquinn_simple_flora_water_a, layout_rooms
D:2:      layout_basic, grunt_ministairs_5, kennysheep_generic_room_9
D:3:      layout_basic, serial_shops, nicolae_shop_competitors_out_of_business,
          shapermc_ecumenical_altar_mp_urbaneastern, minivault_26, uniq_natasha
D:4:      layout_basic, lemuel_coloured_pillars_altar,
          lemuel_zombie_altar_kikubaaqudgha, nicolae_yredelemnul_corpse_copse,
          minmay_circle_x
D:5:      layout_basic, minmay_misc_feat_pillars, kennysheep_decorative_pillar,
          uniq_grinder, uniq_eustachio
D:6:      layout_basic, zin_angel, temple_hall, serial_shops, shop,
          nicolae_shop_waterfront
D:7:      layout_rooms, vehumet_crystals, grunt_gozag_breadcrumbs,
          hangedman_decor_riveting, grunt_ministairs_4, uniq_duvessa,
          uniq_prince_ribbit1
D:8:      cheibrodos_quashed, layout_loops_ring, lemuel_blue_sif_altar,
          minitemple
D:9:      minmay_the_grid_4x2 [minmay_the_grid_spin_star,
          minmay_the_grid_large_cup, minmay_the_grid_dragon_b,
          minmay_the_grid_minigrid_medium, minmay_the_grid_box_x,
          minmay_the_grid_minigrid_small, minmay_the_grid_eight,
          minmay_the_grid_prize_trominoes], layout_rooms,
          mainiacjoe_overflow_boulevard, lemuel_crystal_altar, abandoned_shop,
          chequers_serial_rivers_small_b, roderic_serpentine_path
D:10:     cheibrodos_frozen_isle, layout_irregular_city,
          mainiacjoe_overflow_alcove_4, dancing_weapons_uskayaw
D:11:     layout_loops_corners, david_lair_shrubbed
Temple:   nicolae_temple_figure_zero
Lair:1:   layout_layer_cave, infiniplex_staircase_pool_2, serial_bayou_shore_b,
          serial_bayou_shore_b, grunt_megastairs_4
Lair:2:   layout_cave_pods, minivault_27, eino_house_with_fridge, uniq_gastronok
Lair:3:   layout_big_grid, serial_bayou_shore_a
Lair:4:   layout_hall_layers, minmay_shoals_entry_beasts,
          nicolae_spider_entry_orb_guardian, uniq_snorg
Lair:5:   nzn_winding_woodlands_cross [nzn_winding_woodlands_5x15_split_checker,
          nzn_winding_woodlands_5x15_pool, nzn_winding_woodlands_5x15_pockets,
          nzn_winding_woodlands_5x15_cabin,
          nzn_winding_woodlands_15x15_five_gardens], layout_gridlike,
          slime_altar_2, kennysheep_abandoned_house, lemuel_fruit_tree
Lair:6:   grunt_lair_end_beastmaster, layout_gridlike, patterned_corridor,
          grunt_megastairs_1
Shoals:1: layout_shoals, nicolae_shoals_drake_roost
Shoals:2: layout_shoals, nicolae_shoals_lost_giant_baths, uniq_ilsuiw
Shoals:3: layout_shoals, hangedman_shoal_volcano
Shoals:4: shoals_end_hellmonk_storm_palace [storm_palace_center_circular,
          storm_palace_corner_reverse_hut, storm_palace_corner_altar,
          storm_palace_corner_altar, storm_palace_corner_grid]
Orc:1:    layout_caves, basic_altar, mines2_david, uniq_jorgrun
Orc:2:    st_orc_elflike, layout_caves, uniq_saint_roka, uniq_azrael

Skill      XL: |  1  2  3  4  5  6  7  8  9 10 11 12 13 14 15 16 |
---------------+-------------------------------------------------+-----
Fighting       | 1 2 3 5 6 7 8 9 11 12 13 | 13.9
Shields        | 1 2 3 4 |  4.0
Spellcasting   | 3 4 5 6 7 8 9 10 11 12 13 | 13.1
Translocations | 1 2 3 4 5 6 7 8 10 | 10.0
Conjurations   | 5 6 8 9 10 11 12 | 12.0
Ice Magic      | 3 5 6 8 9 11 | 11.3
Dodging        | 3 4 |  4.0
Armour         | 3 4 |  4.0
Fire Magic     | 4 7 |  7.9
Stealth        | |  1.7

Action                   |  1- 3 |  4- 6 |  7- 9 | 10-12 | 13-15 | 16-18 || total
-------------------------+-------+-------+-------+-------+-------+-------++-------
Melee: Unarmed           |    34 |    18 |       |       |       |       ||    52
       Demon trident     |       |       |    60 |   312 |   365 |       ||   737
       Staff             |       |       |       |       |     3 |    15 ||    18
 Cast: Magic Dart        |    77 |    97 |    69 |   121 |   129 |       ||   493
       Searing Ray       |     5 |    14 |    26 |    16 |       |       ||    61
       Iskenderun's Myst |       |       |    15 |   197 |   212 |       ||   424
       Starburst         |       |       |       |       |    71 |     8 ||    79
       Fireball          |       |       |       |       |   131 |    57 ||   188
       Ozocubu's Refrige |       |       |       |       |    35 |       ||    35
Evoke: Wand              |       |       |     5 |       |     1 |       ||     6
  Use: Potion            |     1 |     1 |       |     2 |     5 |     2 ||    11
       Scroll            |       |       |       |     1 |    29 |       ||    30
 Stab: Sleeping          |       |       |       |     4 |     3 |       ||     7
       Distracted        |       |       |       |       |     2 |       ||     2
Armor: Robe              |    17 |    11 |    13 |    19 |       |       ||    60
       Steam dragon scal |       |       |       |    18 |       |       ||    18
       Troll leather arm |       |       |       |    60 |   126 |     6 ||   192
Dodge: Dodged            |    38 |    18 |    37 |   186 |   231 |    24 ||   534
Block: Buckler           |     9 |     4 |    12 |    89 |   125 |    11 ||   250

Table legend: (Time is in decaauts)
 A = Elapsed time spent in this place.
 B = Non-inter-level travel time spent in this place.
 C = Inter-level travel time spent in this place.
 D = Time resting spent in this place.
 E = Time spent auto-exploring this place.
 F = Levels seen in this place.
 G = Mean time per level.
                   A        B        C        D        E       F      G
               +--------+--------+--------+--------+--------+-----+--------+
         Total |  35871 |  34448 |   1423 |   3797 |  25207 |  24 | 1494.6 |
       Dungeon |  16349 |  15783 |    566 |   1202 |  12167 |  11 | 1486.3 |
        Temple |    123 |    114 |      9 |      0 |    112 |   1 |  123.0 |
          Lair |   9515 |   9021 |    494 |    184 |   7216 |   6 | 1585.8 |
        Shoals |   5216 |   5127 |     89 |    829 |   3613 |   4 | 1304.0 |
  Orcish Mines |   4665 |   4401 |    264 |   1582 |   2098 |   2 | 2332.5 |
               +--------+--------+--------+--------+--------+-----+--------+

Top non-repeatable levels by time:
   Orc:1: 2602 daAuts
     D:9: 2475 daAuts
  Lair:5: 2083 daAuts
Shoals:2: 2069 daAuts
   Orc:2: 2063 daAuts
    D:10: 2052 daAuts
  Lair:6: 2024 daAuts
Shoals:3: 1573 daAuts
     D:8: 1547 daAuts
     D:2: 1536 daAuts
  Lair:2: 1529 daAuts
  Lair:4: 1515 daAuts
     D:1: 1493 daAuts
    D:11: 1487 daAuts
     D:4: 1471 daAuts
